TOP OF THE 1ST |
El Paso Chihuahuas batting - Pitching for Oklahoma City Dodgers : RHP Victor Torres
|
Pitching: RHP Victor Torres
|
|
Batting: LHB Angel Mejia
|
0-0: Ball 1-0: Ball 2-0: Ground out U3 (Groundball, 34S, EV 82.5 MPH)
|
Batting: RHB Roberto Lemus
|
0-0: Ball 1-0: Ground out 4-3 (Groundball, 4, EV 80.6 MPH)
|
Batting: SHB Adam Martin
|
0-0: Ball 1-0: Foul Ball, location: 2F 1-1: Ball 2-1: Ball 3-1: Base on Balls
|
Batting: RHB Jose Morrissey
|
0-0: Swinging Strike 0-1: Ball 1-1: Fly out, F8 (Flyball, 8RD, EV 83.8 MPH)
|
Top of the 1st over - 0 runs, 0 hits, 0 errors, 1 left on base; El Paso 0 - Oklahoma City 0 |
BOTTOM OF THE 1ST |
Oklahoma City Dodgers batting - Pitching for El Paso Chihuahuas : LHP Ryan Tatum
|
Pitching: LHP Ryan Tatum
|
|
Batting: RHB Theo Schepers
|
0-0: Ball 1-0: Ball 2-0: Called Strike 2-1: Ball 3-1: Called Strike 3-2: Strikes out swinging
|
Batting: RHB Jeremy Giesler
|
0-0: Ball 1-0: Called Strike 1-1: Swinging Strike 1-2: Ball 2-2: Fly out, F7 (Line Drive, 7, EV 98.1 MPH)
|
Batting: RHB Curt Earnest
|
0-0: Called Strike 0-1: Foul Ball, location: 2F 0-2: Ball 1-2: SINGLE (Line Drive, 34D, EV 106.9 MPH)
|
Batting: RHB Mike Dodson
|
0-0: Called Strike 0-1: Ball 1-1: Ball 2-1: Swinging Strike Pickoff Play to 1st, Runner tries for 2nd, SAFE after rundown. 2-2: Foul Ball, location: 2F 2-2: Foul Ball, location: 2F 2-2: Strikes out swinging
|
Bottom of the 1st over - 0 runs, 1 hit, 0 errors, 1 left on base; El Paso 0 - Oklahoma City 0 |
TOP OF THE 2ND |
El Paso Chihuahuas batting - Pitching for Oklahoma City Dodgers : RHP Victor Torres
|
Batting: LHB Hugo MacBeth
|
0-0: Fly out, F8 (Flyball, 8LS, EV 83.8 MPH)
|
Batting: RHB Andy Sheridan
|
0-0: Ball 1-0: Ground out 6-3 (Groundball, 56, EV 101.9 MPH)
|
Batting: RHB Chase Briney
|
0-0: Called Strike 0-1: Called Strike 0-2: Foul Ball, location: 2F 0-2: Ball 1-2: Ball 2-2: Fly out, F4 (Popup, 23, EV 90.0 MPH)
|
Top of the 2nd over - 0 runs, 0 hits, 0 errors, 0 left on base; El Paso 0 - Oklahoma City 0 |
BOTTOM OF THE 2ND |
Oklahoma City Dodgers batting - Pitching for El Paso Chihuahuas : LHP Ryan Tatum
|
Batting: LHB Steve Pond
|
0-0: Ball 1-0: Foul Ball, location: 2F 1-1: Ball 2-1: Called Strike 2-2: Ball 3-2: Base on Balls
|
Batting: LHB Jose Robles
|
0-0: Called Strike 0-1: Ball 1-1: Ball 2-1: Ball 3-1: Foul Ball, location: 2F 3-2: Base on Balls Steve Pond to second
|
Batting: RHB T.J. Jordan
|
0-0: Ball 1-0: Called Strike 1-1: Called Strike 1-2: Foul Ball, location: 2F 1-2: Fielders Choice at 2nd, 1-6 (Groundball, 13S, EV 72.5 MPH) Steve Pond to third
|
Batting: LHB Chris Fandino
|
0-0: Foul Ball, location: 2F 0-1: Ball 1-1: Foul Ball, location: 2F 1-2: Foul Ball, location: 2F 1-2: Ball 2-2: Ball 3-2: Fly out, F5 (Popup, 5L, EV 65.0 MPH)
|
Batting: LHB Darrell Ortega
|
0-0: Foul Ball, location: 2F 0-1: Ball 1-1: Called Strike 1-2: Foul Ball, location: 2F 1-2: Ball 2-2: Ball 3-2: Foul Ball, location: 2F 3-2: Foul Ball, location: 2F 3-2: Foul Ball, location: 2F 3-2: Base on Balls T.J. Jordan to second
|
Batting: RHB Theo Schepers
|
0-0: Ball 1-0: Ball 2-0: Called Strike 2-1: Foul Ball, location: 2F 2-2: Ground out 3-1 (Groundball, 34S, EV 88.8 MPH)
|
Bottom of the 2nd over - 0 runs, 0 hits, 0 errors, 3 left on base; El Paso 0 - Oklahoma City 0 |
TOP OF THE 3RD |
El Paso Chihuahuas batting - Pitching for Oklahoma City Dodgers : RHP Victor Torres
|
Batting: LHB Anthony Mosley
|
0-0: Called Strike 0-1: Ball 1-1: Ball 2-1: Ball 3-1: Called Strike 3-2: Strikes out looking
|
Batting: RHB Lamberto Amicis
|
0-0: Ground out 5-3 (Groundball, 5L, EV 89.4 MPH)
|
Batting: LHB Angel Mejia
|
0-0: Swinging Strike 0-1: Swinging Strike 0-2: Ball 1-2: Fly out, F9 (Flyball, 9S, EV 73.8 MPH)
|
Top of the 3rd over - 0 runs, 0 hits, 0 errors, 0 left on base; El Paso 0 - Oklahoma City 0 |
BOTTOM OF THE 3RD |
Oklahoma City Dodgers batting - Pitching for El Paso Chihuahuas : LHP Ryan Tatum
|
Batting: RHB Jeremy Giesler
|
0-0: Called Strike 0-1: Bunt missed! 0-2: Ball 1-2: Strikes out swinging
|
Batting: RHB Curt Earnest
|
0-0: Foul Ball, location: 2F 0-1: Called Strike 0-2: Ball 1-2: Ball 2-2: Foul Ball, location: 2F 2-2: Ball 3-2: Base on Balls
|
Batting: RHB Mike Dodson
|
0-0: Called Strike 0-1: Foul Ball, location: 2F 0-2: Fly out, F7 (Flyball, 78M, EV 85.0 MPH)
|
Batting: LHB Steve Pond
|
0-0: Called Strike 0-1: Called Strike Curt Earnest is caught stealing 2nd base 2-6
|
Bottom of the 3rd over - 0 runs, 0 hits, 0 errors, 0 left on base; El Paso 0 - Oklahoma City 0 |
TOP OF THE 4TH |
El Paso Chihuahuas batting - Pitching for Oklahoma City Dodgers : RHP Victor Torres
|
Batting: RHB Roberto Lemus
|
0-0: Ground out 6-3 (Groundball, 56, EV 98.8 MPH)
|
Batting: SHB Adam Martin
|
0-0: Ball 1-0: Called Strike 1-1: Foul Ball, location: 2F 1-2: Strikes out swinging
|
Batting: RHB Jose Morrissey
|
0-0: Ball 1-0: Called Strike 1-1: Foul Ball, location: 2F 1-2: Ball 2-2: Foul Ball, location: 2F 2-2: Foul Ball, location: 2F 2-2: Ball 3-2: Base on Balls
|
Batting: LHB Hugo MacBeth
|
0-0: Ball Jose Morrissey steals 2nd base (no throw) 1-0: Called Strike 1-1: Ground out 6-3 (Groundball, 6, EV 90.0 MPH)
|
Top of the 4th over - 0 runs, 0 hits, 0 errors, 1 left on base; El Paso 0 - Oklahoma City 0 |
BOTTOM OF THE 4TH |
Oklahoma City Dodgers batting - Pitching for El Paso Chihuahuas : LHP Ryan Tatum
|
Batting: LHB Steve Pond
|
0-0: Called Strike 0-1: Called Strike 0-2: Fly out, F8 (Flyball, 8LM, EV 91.2 MPH)
|
Batting: LHB Jose Robles
|
0-0: Swinging Strike 0-1: Ball 1-1: SINGLE (Groundball, 4MD, EV 97.5 MPH)
|
Batting: RHB T.J. Jordan
|
0-0: Ball 1-0: Ball 2-0: Called Strike 2-1: Ball 3-1: Fly out, F8 (Line Drive, 8RM, EV 95.0 MPH)
|
Batting: LHB Chris Fandino
|
0-0: Foul Ball, location: 2F 0-1: Ball 1-1: Ball 2-1: Foul Ball, location: 2F 2-2: Foul Ball, location: 2F 2-2: SINGLE (Groundball, 6D, EV 99.4 MPH) Jose Robles to second
|
Batting: LHB Darrell Ortega
|
0-0: SINGLE (Flyball, 9S, EV 90.0 MPH) Jose Robles to third Chris Fandino to second Runner from 3rd tries for Home, SAFE, throw by RF to home
|
Batting: RHB Theo Schepers
|
0-0: Ball 1-0: Called Strike 1-1: Foul Ball, location: 2F 1-2: Ball 2-2: Ball 3-2: Base on Balls Chris Fandino to third Darrell Ortega to second
|
Pitching: RHP Andy Temples
|
|
Batting: RHB Jeremy Giesler
|
0-0: Foul Ball, location: 2F 0-1: Ball 1-1: Ball 2-1: Swinging Strike 2-2: Foul Ball, location: 2F 2-2: Ball 3-2: Foul Ball, location: 2F 3-2: Foul Ball, location: 2F 3-2: Base on Balls Chris Fandino scores Darrell Ortega to third Theo Schepers to second
|
Batting: RHB Curt Earnest
|
0-0: Ball 1-0: Ball 2-0: Ball 3-0: SINGLE (Line Drive, 9S, EV 84.4 MPH) Darrell Ortega scores Theo Schepers to third Jeremy Giesler to second Runner from 3rd tries for Home, SAFE, throw by RF to home
|
Batting: RHB Mike Dodson
|
0-0: Ball 1-0: Foul Ball, location: 2F 1-1: Ball 2-1: Swinging Strike 2-2: Ball 3-2: Base on Balls Jeremy Giesler to third Curt Earnest to second
|
Batting: LHB Steve Pond
|
0-0: Ball 1-0: Ball 2-0: Foul Ball, location: 2F 2-1: Ground out 1-3 (Groundball, 15S, EV 71.9 MPH)
|
Bottom of the 4th over - 4 runs, 4 hits, 0 errors, 3 left on base; El Paso 0 - Oklahoma City 4 |
TOP OF THE 5TH |
El Paso Chihuahuas batting - Pitching for Oklahoma City Dodgers : RHP Victor Torres
|
Batting: RHB Andy Sheridan
|
0-0: Ball 1-0: Ball 2-0: Ball 3-0: Foul Ball, location: 2F 3-1: SINGLE (Groundball, 4M, EV 104.4 MPH)
|
Batting: RHB Chase Briney
|
0-0: SINGLE (Groundball, 6MD, EV 97.5 MPH) Andy Sheridan to second
|
Batting: LHB Anthony Mosley
|
0-0: Called Strike 0-1: Fielders Choice at 2nd, 6-4 (Groundball, 6, EV 81.2 MPH) Andy Sheridan to third
|
Batting: RHB Lamberto Amicis
|
0-0: Ball 1-0: Called Strike 1-1: Ball 2-1: Foul Ball, location: 2F 2-2: Ball 3-2: Strikes out swinging
|
Batting: LHB Angel Mejia
|
0-0: Ball 1-0: Called Strike 1-1: Swinging Strike 1-2: Foul Ball, location: 2F 1-2: Ball 2-2: Ball 3-2: Foul Ball, location: 2F 3-2: Ground out 4-3 (Groundball, 4, EV 81.2 MPH)
|
Top of the 5th over - 0 runs, 2 hits, 0 errors, 2 left on base; El Paso 0 - Oklahoma City 4 |
BOTTOM OF THE 5TH |
Oklahoma City Dodgers batting - Pitching for El Paso Chihuahuas : RHP Andy Temples
|
Batting: LHB Jose Robles
|
0-0: Ball 1-0: Ground out 1-3 (Groundball, 13S, EV 68.1 MPH)
|
Batting: RHB T.J. Jordan
|
0-0: Ball 1-0: Ball 2-0: Called Strike 2-1: Foul Ball, location: 2F 2-2: Ground out 4-3 (Groundball, 4, EV 82.5 MPH)
|
Batting: LHB Chris Fandino
|
0-0: Called Strike 0-1: SOLO HOME RUN (Flyball, 7LD, EV 92.5 MPH), Distance : 331 ft
|
Batting: LHB Darrell Ortega
|
0-0: Ball 1-0: Ball 2-0: Ball 3-0: Base on Balls
|
Batting: RHB Theo Schepers
|
0-0: Ball 1-0: Foul Ball, location: 2F 1-1: Ball 2-1: Ball 3-1: Swinging Strike 3-2: Foul Ball, location: 2F 3-2: Foul Ball, location: 2F 3-2: Foul Ball, location: 2F 3-2: Fly out, F9 (Flyball, 9D, EV 75.0 MPH)
|
Bottom of the 5th over - 1 run, 1 hit, 0 errors, 1 left on base; El Paso 0 - Oklahoma City 5 |
TOP OF THE 6TH |
El Paso Chihuahuas batting - Pitching for Oklahoma City Dodgers : RHP Victor Torres
|
Batting: RHB Roberto Lemus
|
0-0: Called Strike 0-1: Fly out, F7 (Flyball, 7LS, EV 75.0 MPH)
|
Batting: SHB Adam Martin
|
0-0: Ball 1-0: Foul Ball, location: 2F 1-1: Foul Ball, location: 2F 1-2: Strikes out swinging
|
Batting: RHB Jose Morrissey
|
0-0: Called Strike 0-1: Ball 1-1: Ground out 6-3 (Groundball, 4MS, EV 63.1 MPH)
|
Top of the 6th over - 0 runs, 0 hits, 0 errors, 0 left on base; El Paso 0 - Oklahoma City 5 |
BOTTOM OF THE 6TH |
Oklahoma City Dodgers batting - Pitching for El Paso Chihuahuas : RHP Andy Temples
|
Batting: RHB Jeremy Giesler
|
0-0: Ball 1-0: Called Strike 1-1: Swinging Strike 1-2: Ball 2-2: Ball 3-2: Strikes out looking
|
Batting: RHB Curt Earnest
|
0-0: Called Strike 0-1: Ball 1-1: Foul Ball, location: 2F 1-2: Ball 2-2: Ball 3-2: Foul Ball, location: 2F 3-2: SINGLE (Groundball, 25, EV 68.1 MPH) (infield hit)
|
Pitching: RHP Nate Ragain
|
|
Batting: RHB Mike Dodson
|
0-0: Called Strike 0-1: Ball 1-1: Ball 2-1: Grounds into double play, 6-4-3 (Groundball, 56, EV 100.6 MPH)
|
Bottom of the 6th over - 0 runs, 1 hit, 0 errors, 0 left on base; El Paso 0 - Oklahoma City 5 |
TOP OF THE 7TH |
El Paso Chihuahuas batting - Pitching for Oklahoma City Dodgers : RHP Victor Torres
|
Batting: LHB Hugo MacBeth
|
0-0: Called Strike 0-1: Swinging Strike 0-2: Fly out, F9 (Flyball, 9LM, EV 79.4 MPH)
|
Batting: RHB Andy Sheridan
|
0-0: Swinging Strike 0-1: Ball 1-1: Foul Ball, location: 2F 1-2: Ground out 6-3 (Groundball, 6MS, EV 86.2 MPH)
|
Batting: RHB Chase Briney
|
0-0: Called Strike 0-1: Ball 1-1: Foul Ball, location: 2F 1-2: Strikes out swinging
|
Top of the 7th over - 0 runs, 0 hits, 0 errors, 0 left on base; El Paso 0 - Oklahoma City 5 |
BOTTOM OF THE 7TH |
Oklahoma City Dodgers batting - Pitching for El Paso Chihuahuas : RHP Nate Ragain
|
Batting: LHB Steve Pond
|
0-0: Swinging Strike 0-1: Called Strike 0-2: SINGLE (Groundball, 4MD, EV 98.8 MPH)
|
Batting: LHB Jose Robles
|
0-0: Foul Ball, location: 2F 0-1: Fly out, F8 (Flyball, 8RM, EV 95.6 MPH)
|
Batting: RHB T.J. Jordan
|
0-0: Grounds into double play, 6-4-3 (Groundball, 6, EV 86.9 MPH)
|
Bottom of the 7th over - 0 runs, 1 hit, 0 errors, 0 left on base; El Paso 0 - Oklahoma City 5 |
TOP OF THE 8TH |
El Paso Chihuahuas batting - Pitching for Oklahoma City Dodgers : RHP Victor Torres
|
Batting: LHB Anthony Mosley
|
0-0: Called Strike 0-1: Ball 1-1: Ground out U3 (Groundball, 34, EV 81.9 MPH)
|
Batting: RHB Lamberto Amicis
|
0-0: SINGLE (Groundball, 4S, EV 71.2 MPH) (infield hit)
|
Batting: LHB Angel Mejia
|
0-0: Called Strike 0-1: Called Strike 0-2: Strikes out swinging
|
Batting: RHB Roberto Lemus
|
0-0: Reached on error, E4 (Groundball, 4, EV 85.0 MPH) Lamberto Amicis to third
|
Batting: SHB Adam Martin
|
0-0: Ball 1-0: Ball 2-0: Called Strike 2-1: Foul Ball, location: 2F 2-2: SINGLE (Groundball, 4MD, EV 103.8 MPH) Lamberto Amicis scores Roberto Lemus to third Runner from 3rd tries for Home, throw by CF and OUT! 8-2
|
Top of the 8th over - 1 run, 2 hits, 1 error, 1 left on base; El Paso 1 - Oklahoma City 5 |
BOTTOM OF THE 8TH |
Oklahoma City Dodgers batting - Pitching for El Paso Chihuahuas : RHP Nate Ragain
|
Batting: LHB Chris Fandino
|
0-0: Ball 1-0: Called Strike 1-1: SINGLE (Flyball, 7LS, EV 86.9 MPH)
|
Batting: LHB Darrell Ortega
|
0-0: Foul Ball, location: 2F 0-1: Ball 1-1: Ball 2-1: Ball 3-1: Base on Balls Chris Fandino to second
|
Batting: RHB Theo Schepers
|
0-0: Bunted foul 0-1: Bunted foul 0-2: Ball 1-2: Ball 2-2: DOUBLE (Flyball, 8RD, EV 90.6 MPH) Chris Fandino scores Darrell Ortega to third
|
Batting: RHB Jeremy Giesler
|
0-0: Foul Ball, location: 2F 0-1: Fly out, F6 (Popup, 6, EV 71.2 MPH)
|
Batting: RHB Curt Earnest
|
0-0: Fly out, F4 (Popup, 34D, EV 42.5 MPH)
|
Batting: RHB Mike Dodson
|
0-0: Ball 1-0: Foul Ball, location: 2F 1-1: Ball 2-1: Ball 3-1: 3-RUN HOME RUN (Flyball, 78XD, EV 109.4 MPH), Distance : 408 ft
|
Batting: LHB Steve Pond
|
0-0: Swinging Strike 0-1: Swinging Strike 0-2: Strikes out swinging
|
Bottom of the 8th over - 4 runs, 3 hits, 0 errors, 0 left on base; El Paso 1 - Oklahoma City 9 |
TOP OF THE 9TH |
El Paso Chihuahuas batting - Pitching for Oklahoma City Dodgers : RHP Victor Torres
|
Pitching: RHP Arturo Naranjo
|
|
Pinch Hitting: RHB Matt Fabre
|
0-0: Ball 1-0: Ball 2-0: Called Strike 2-1: Ball 3-1: Base on Balls
|
Batting: LHB Hugo MacBeth
|
0-0: Called Strike 0-1: Grounds into double play, 4-6-3 (Groundball, 4, EV 106.2 MPH)
|
Batting: RHB Andy Sheridan
|
0-0: Called Strike 0-1: Swinging Strike 0-2: DOUBLE (Flyball, 9LD, EV 92.5 MPH)
|
Batting: RHB Chase Briney
|
0-0: Ball 1-0: 2-RUN HOME RUN (Flyball, 7D, EV 96.2 MPH), Distance : 372 ft
|
Batting: LHB Anthony Mosley
|
0-0: Ball 1-0: Foul Ball, location: 2F 1-1: Called Strike 1-2: Ball 2-2: Ball 3-2: Foul Ball, location: 2F 3-2: SINGLE (Groundball, 4D, EV 103.8 MPH)
|
Batting: RHB Lamberto Amicis
|
0-0: SINGLE (Groundball, 34S, EV 67.5 MPH) (infield hit) Anthony Mosley to second
|
Batting: LHB Angel Mejia
|
0-0: Ball 1-0: Called Strike 1-1: SINGLE (Line Drive, 6M, EV 98.1 MPH) Anthony Mosley to third Lamberto Amicis to second
|
Pitching: LHP J.P. Blair
|
|
Batting: RHB Roberto Lemus
|
0-0: Ball 1-0: Foul Ball, location: 2F 1-1: Foul Ball, location: 2F 1-2: Ball 2-2: SINGLE (Groundball, 56S, EV 68.8 MPH) (infield hit) Anthony Mosley scores Lamberto Amicis to third Angel Mejia to second
|
Pinch Hitting: RHB Eric Sandell
|
0-0: Ball 1-0: Ball 2-0: Called Strike 2-1: Ball 3-1: Base on Balls Lamberto Amicis scores Angel Mejia to third Roberto Lemus to second
|
Pitching: RHP Juan Hurtado
|
|
Batting: RHB Matt Fabre
|
0-0: Fly out, F9 (Flyball, 89M, EV 98.1 MPH)
|
Top of the 9th over - 4 runs, 6 hits, 0 errors, 3 left on base; El Paso 5 - Oklahoma City 9 |
|